 Dungeon Crawl Stone Soup version 0.29.0-4-gdea44cf6ec (webtiles) character file.

Game seed: 11001144328960842796

1915 qw the Cleaver (level 9, -5/47 (52) HPs)
             Began as a Tengu Warper on Aug 28, 2022.
             Was an Initiate of Okawaru.
             Slain by a wight
             ... wielding a +4 hand axe
              (13 damage)
             ... on level 6 of the Dungeon.
             The game lasted 00:00:41 (6598 turns).

qw the Cleaver (Tengu Warper)                       Turns: 6598, Time: 00:00:42

HP:   -5/47 (52)    AC: 10    Str: 13 (15) XL:     9   Next: 16%
MP:   13/13         EV: 10    Int: 12 (14) God:    Okawaru [......]
Gold: 291           SH:  9    Dex: 13 (14) Spells: 12/12 levels left

rFire   . . .      SeeInvis .   Y - +2 war axe
rCold   . . .      Faith    .   b - +0 kite shield
rNeg    . . .      Spirit   .   d - +0 chain mail
rPois   .          Reflect  .   (helmet restricted)
rElec   .          Harm     .   (no cloak)
rCorr   +          Rampage  .   s - +0 pair of gloves
Will    .....                   (boots unavailable)
Stlth   ..........              m - amulet of regeneration
HPRegen 0.95/turn               l - +4 ring of evasion
MPRegen 0.13/turn               i - ring of resist corrosion

@: flying quickly and evasively, drained, quick
A: beak, talons 3, nimble flight
a: Renounce Religion


You were on level 6 of the Dungeon.
You worshipped Okawaru.
Okawaru was noncommittal.
You visited 2 branches of the dungeon, and saw 8 of its levels.

You collected 291 gold pieces.


Innate Abilities, Weirdness & Mutations

You have a beak for a mouth.
You have claws for feet.
Your magical nature lets you fly swiftly and evasively.


   Skills:
 - Level 4.6 Fighting
 + Level 9.5 Axes
 - Level 1.0 Throwing
 - Level 3.0 Armour
 - Level 2.1 Dodging
 - Level 6.0 Shields
 - Level 2.0 Spellcasting
 - Level 2.4 Translocations


You had 12 spell levels left.
You didn't know any spells.
Your spell library contained the following spells:

 Spells                   Type           Power      Damage    Failure   Level
 Blink                    Tloc           12%        N/A       100%        2
 Gell's Gravitas          Tloc           6%         N/A       100%        3
 Lesser Beckoning         Tloc           6%         N/A       100%        3
 Teleport Other           Tloc           6%         N/A       100%        3
 Manifold Assault         Tloc           6%         N/A       100%        5

Inventory:

Hand Weapons
 h - a +1 morningstar of draining
 Y - a +2 war axe (weapon)
Missiles
 g - a boomerang (quivered)
Armour
 b - a +0 kite shield (worn)
 d - a +0 chain mail (worn)
 s - a +0 pair of gloves (worn)
Jewellery
 i - a ring of resist corrosion (right hand)
 l - a +4 ring of evasion (left hand)
 m - an amulet of regeneration (around neck)
Scrolls
 n - a scroll of identify
Potions
 c - 2 potions of curing
 e - a potion of might
 f - a potion of haste {unknown}
 j - a potion of brilliance {unknown}
 k - a potion of flight {unknown}
 o - a potion of magic {unknown}
 p - a potion of ambrosia {unknown}
 q - a potion of heal wounds
 r - a potion of invisibility {unknown}

Dungeon Overview and Level Annotations

Branches:
Dungeon (7/15)             Temple (1/1) D:5

Altars:
Ashenzari
Cheibriados
Dithmenos
Elyvilon
Fedhas
Hepliaklqana
Kikubaaqudgha
Makhleb
Nemelex Xobeh
Okawaru
Ru
Sif Muna
Uskayaw
Vehumet
Xom
Yredelemnul
Zin
The Shining One

Shops:
D:3 :   D:6 *

Annotations:
D:5 1 runed translucent door, qw's ghost, novice TeWr


Message History

The wight hits you with a +0 war axe.
You feel drained.
You hit the wight.
The wight is lightly damaged.
The wight hits you with a +0 war axe.
You closely miss the wight. You claw the wight.
The wight is moderately damaged.
The wight hits you with a +0 war axe.
You hit the wight. You claw the wight.
The wight is heavily damaged.
The wight closely misses you.
You hit the wight. You claw the wight.
You destroy the wight!
Okawaru accepts your kill.
Your life force feels restored.
You start resting.
HP restored.
Done exploring.
(D) Dungeon (T) Temple
Where to? (* - list waypoints, Enter - D:7, ? - help)
What level of the Dungeon? (default 1, ? - help)
You fly downwards.
You block the wight's attack.
The wight hits you with a +4 dire flail!
You feel drained. The wight closely misses you.
There is a stone staircase leading up here.
6595 ||| STAIRDANCE The wight hits you with a +4 dire flail!
The wight hits you with a +0 long sword!
You feel drained. The wight barely misses you.
You fly upwards.
There is a stone staircase leading down, spattered with blood here.
You barely miss the wight. You hit the wight. You slash the wight!
You block the wight's attack. The wight barely misses you.
The wight hits you with a +0 long sword!
You closely miss the wight.
The wight is heavily damaged.
You hit the wight. You completely miss the wight. The wight closely misses you.
The wight hits you with a +4 dire flail.
You feel drained. The wight hits you with a +4 hand axe!
You die...

.#####.#...##.##.#..#
....................#
<#####.....##[#...#.#
.# #...#.##.......#
.# #.............##
.# ##..#.#..#[....#
.######.#...#.#.....#
..............#..z..#
....############@z.##
.##.# ##z## .##.# #.#
###.# #.# ....# #.#
##..####### #.#
......\...#######[#
............).....#
..........).).....#


You could see 3 wights.

Vanquished Creatures
  Grinder (D:5)
  A steam dragon (D:7)
  2 water moccasins
  A centaur (D:5)
  2 phantoms (D:6)
  Blork the orc (D:5)
  3 necrophages
  A gnoll sergeant (D:6)
  2 scorpions (D:5)
  A wight (D:6)
  A howler monkey (D:6)
  A jelly (D:4)
  An orc priest (D:6)
  A hound (D:6)
  4 iguanas (D:6)
  3 orc wizards
  12 gnolls
  12 adders
  A river rat (D:5)
  2 white imps
  An ufetubus (D:6)
  2 worms
  4 dart slugs
  9 orcs
  8 endoplasms
  5 giant cockroaches
  6 goblins
  3 hobgoblins
  2 jackals (D:3)
  4 kobolds
  5 quokkas
  4 ball pythons
  2 bats
  2 frilled lizards
  6 rats
116 creatures vanquished.

Vanquished Creatures (collateral kills)
  A goblin (D:1)
1 creature vanquished.

Grand Total: 117 creatures vanquished

Notes
Turn   | Place    | Note
-------+----------+-------------------------------------------
     0 | D:1      | qw the Tengu Warper began the quest for the Orb.
     0 | D:1      | Reached XP level 1. HP: 12/12 MP: 4/4
     0 | D:1      | 0 ||| qw: Version: 0.1-a-89-g26bdef1
     0 | D:1      | 0 ||| qw: Game counter: 3227
     0 | D:1      | 0 ||| qw: Always use a shield: true
     0 | D:1      | 0 ||| qw: God list: Okawaru
     0 | D:1      | 0 ||| qw: Allow faded altars: false
     0 | D:1      | 0 ||| qw: Do Orc after D:15 true
     0 | D:1      | 0 ||| qw: Do second Lair branch before Depths: true
     0 | D:1      | 0 ||| qw: Lair rune preference: random
     0 | D:1      | 0 ||| qw: Plans: Normal
     0 | D:1      | 0 ||| PLANNING D:1-11
    86 | D:1      | 86 ||| Stepping ~*~*~tactically~*~*~ (hiding).
   188 | D:1      | 188 ||| Stepping ~*~*~tactically~*~*~ (hiding).
   294 | D:1      | 294 ||| Stepping ~*~*~tactically~*~*~ (hiding).
   396 | D:1      | 396 ||| Stepping ~*~*~tactically~*~*~ (hiding).
   481 | D:1      | Reached XP level 2. HP: 17/17 MP: 6/6
   519 | D:1      | Reached skill level 3 in Axes
   520 | D:1      | 520 ||| Stepping ~*~*~tactically~*~*~ (stealth).
   521 | D:1      | 521 ||| Stepping ~*~*~tactically~*~*~ (stealth).
   652 | D:1      | 652 ||| READING scroll labelled VOEVYLU HEUM.
   657 | D:1      | 657 ||| READING scroll labelled VAWARI UXOTALU.
   912 | D:1      | Reached XP level 3. HP: 21/21 MP: 7/7
  1274 | D:1      | 1274 ||| READING scroll labelled BIUSIL TEMUFO.
  1275 | D:1      | 1275 ||| READING 2 scrolls labelled YRE CURAOGOC.
  1276 | D:1      | 1276 ||| READING scroll of brand weapon.
  1276 | D:1      | 1276 ||| BRANDING +0 hand axe of protection.
  1277 | D:1      | 1277 ||| READING scroll labelled BAUGHIGANOV.
  1393 | D:1      | 1393 ||| READING 2 scrolls labelled KOGEPI UKYREAPT.
  1394 | D:1      | 1394 ||| READING scroll of enchant weapon.
  1394 | D:1      | 1394 ||| ENCHANTING +1 vorpal hand axe.
  1395 | D:1      | 1395 ||| READING scroll labelled VOM PINAPU.
  1396 | D:1      | 1396 ||| DROPPING scroll of blinking.
  1405 | D:2      | 1405 ||| STAIRDANCE
  1414 | D:2      | Reached skill level 4 in Axes
  1414 | D:2      | 1414 ||| STAIRDANCE
  1583 | D:2      | 1583 ||| Stepping ~*~*~tactically~*~*~ (stealth).
  1635 | D:2      | Reached XP level 4. HP: 26/26 MP: 8/8
  1899 | D:2      | Found a radiant altar of Vehumet.
  1912 | D:2      | Reached skill level 5 in Axes
  2104 | D:2      | 2104 ||| UPGRADING to +0 scale mail.
  2114 | D:2      | 2114 ||| DROPPING +0 leather armour.
  2115 | D:2      | 2115 ||| UPGRADING to +0 chain mail.
  2125 | D:2      | 2125 ||| DROPPING +0 scale mail.
  2145 | D:3      | 2145 ||| STAIRDANCE
  2278 | D:3      | Found a faded altar of an unknown god.
  2301 | D:3      | 2301 ||| Stepping ~*~*~tactically~*~*~ (stealth).
  2402 | D:3      | Found Kirph's Vocational Training.
  2414 | D:3      | 2414 ||| READING scroll of enchant weapon.
  2414 | D:3      | 2414 ||| ENCHANTING +2 vorpal hand axe.
  2544 | D:3      | 2544 ||| DROPPING +0 whip.
  2554 | D:3      | 2554 ||| FLEEEEING.
  2558 | D:3      | 2558 ||| FLEEEEING.
  2559 | D:3      | 2559 ||| FLEEEEING.
  2560 | D:3      | 2560 ||| FLEEEEING.
  2561 | D:3      | 2561 ||| FLEEEEING.
  2562 | D:3      | 2562 ||| FLEEEEING.
  2563 | D:3      | 2563 ||| FLEEEEING.
  2564 | D:3      | 2564 ||| FLEEEEING.
  2565 | D:3      | 2565 ||| FLEEEEING.
  2566 | D:3      | 2566 ||| FLEEEEING.
  2567 | D:3      | 2567 ||| FLEEEEING.
  2572 | D:3      | 2572 ||| FLEEEEING.
  2573 | D:3      | 2573 ||| FLEEEEING.
  2574 | D:3      | 2574 ||| FLEEEEING.
  2575 | D:3      | 2575 ||| FLEEEEING.
  2576 | D:3      | 2576 ||| FLEEEEING.
  2577 | D:3      | 2577 ||| FLEEEEING.
  2827 | D:3      | Gained mutation: Your magical nature lets you fly swiftly
                  | and evasively. [Tengu growth]
  2827 | D:3      | Reached XP level 5. HP: 30/30 MP: 9/9
  3004 | D:3      | 3004 ||| UPGRADING to +4 ring of evasion.
  3005 | D:3      | 3005 ||| READING scroll labelled EVAELAEMUM.
  3006 | D:3      | 3006 ||| READING scroll labelled ZAINGI WOEZXE.
  3007 | D:3      | 3007 ||| DRINKING 2 brown potions.
  3008 | D:3      | 3008 ||| DRINKING 2 fizzy inky potions.
  3045 | D:3      | 3045 ||| DROPPING potion of lignification.
  3094 | D:4      | 3094 ||| Stepping ~*~*~tactically~*~*~ (stealth).
  3204 | D:4      | 3204 ||| Stepping ~*~*~tactically~*~*~ (stealth).
  3205 | D:4      | 3205 ||| SWAPPING to +0 war axe.
  3206 | D:4      | 3206 ||| DROPPING +3 vorpal hand axe.
  3208 | D:4      | 3208 ||| Stepping ~*~*~tactically~*~*~ (stealth).
  3241 | D:4      | Reached skill level 6 in Axes
  3620 | D:4      | 3620 ||| Stepping ~*~*~tactically~*~*~ (stealth).
  3621 | D:4      | 3621 ||| Stepping ~*~*~tactically~*~*~ (stealth).
  3633 | D:4      | Reached XP level 6. HP: 27/35 MP: 10/10
  3810 | D:4      | Reached skill level 7 in Axes
  4123 | D:4      | 4123 ||| UPGRADING to amulet of regeneration.
  4128 | D:4      | 4128 ||| DROPPING +6 ring of intelligence.
  4129 | D:4      | 4129 ||| READING scroll labelled BONALA YLOS.
  4130 | D:4      | 4130 ||| DRINKING 2 emerald potions.
  4135 | D:5      | Entered Level 5 of the Dungeon
  4136 | D:5      | 4136 ||| PLANNING SEWER
  4146 | D:5      | Found an ancient bone altar of Kikubaaqudgha.
  4165 | D:5      | Noticed Grinder
  4184 | D:5      | Killed Grinder
  4185 | D:5      | Reached XP level 7. HP: 35/44 MP: 11/11
  4202 | D:5      | 4202 ||| Stepping ~*~*~tactically~*~*~ (hiding).
  4203 | D:5      | 4203 ||| Stepping ~*~*~tactically~*~*~ (hiding).
  4204 | D:5      | 4204 ||| Stepping ~*~*~tactically~*~*~ (hiding).
  4330 | D:5      | Noticed Blork the orc
  4331 | D:5      | 4331 ||| Stepping ~*~*~tactically~*~*~ (hiding).
  4348 | D:5      | Killed Blork the orc
  4369 | D:5      | 4369 ||| READING scroll of enchant weapon.
  4369 | D:5      | 4369 ||| ENCHANTING +0 war axe.
  4394 | D:5      | Reached skill level 8 in Axes
  4449 | D:5      | Found a runed translucent door.
  4450 | D:5      | Noticed qw's ghost (novice TeWr)
  4504 | D:5      | Reached XP level 8. HP: 23/48 MP: 12/12
  4577 | D:5      | Found a staircase to the Ecumenical Temple.
  4578 | D:5      | 4578 ||| PLANNING TEMPLE
  4578 | D:5      | 4578 ||| UPGRADING to +0 kite shield.
  4583 | D:5      | 4583 ||| READING 2 scrolls labelled WUPIUNNIBES.
  4584 | D:5      | 4584 ||| READING scroll labelled WIJIHO EKHE.
  4585 | D:5      | 4585 ||| Stepping randomly (stuck).
  4586 | D:5      | 4586 ||| Stepping ~*~*~tactically~*~*~ (cloud).
  4773 | D:5      | 4773 ||| READING scroll of enchant weapon.
  4773 | D:5      | 4773 ||| ENCHANTING +1 war axe.
  4800 | D:5      | Reached skill level 1 in Shields
  4818 | D:5      | 4818 ||| RIP SEWER
  4866 | Temple   | Entered the Ecumenical Temple
  4955 | Temple   | 4955 ||| PLANNING D:1-11
  5109 | D:5      | You are sucked into a shaft and drop 2 floors!
  5130 | D:7      | 5130 ||| Stepping ~*~*~tactically~*~*~ (cloud).
  5136 | D:7      | HP: 9/48 [steam dragon (5)]
  5137 | D:7      | 5137 ||| DRINKING 2 potions of heal wounds.
  5139 | D:7      | 5139 ||| DRINKING potion of heal wounds.
  5142 | D:7      | Reached skill level 3 in Shields
  5146 | D:7      | 5146 ||| Stepping ~*~*~tactically~*~*~ (hiding).
  5147 | D:7      | 5147 ||| Stepping ~*~*~tactically~*~*~ (hiding).
  5148 | D:7      | 5148 ||| Stepping ~*~*~tactically~*~*~ (hiding).
  5149 | D:7      | 5149 ||| Stepping ~*~*~tactically~*~*~ (hiding).
  5150 | D:7      | 5150 ||| Stepping ~*~*~tactically~*~*~ (hiding).
  5255 | D:6      | 5255 ||| READING scroll labelled IKHESO AGIRYT.
  5773 | D:5      | 5773 ||| READING scroll labelled KALUATHUHU.
  5845 | D:5      | 5845 ||| READING 2 scrolls of identify.
  5845 | D:5      | 5845 ||| IDENTIFYING viscous golden potion
  5846 | D:5      | 5846 ||| DROPPING potion of attraction.
  5901 | D:6      | Found an iron altar of Okawaru.
  5910 | D:6      | Became a worshipper of Warmaster Okawaru
  5954 | D:6      | Reached skill level 9 in Axes
  5974 | D:6      | 5974 ||| Stepping ~*~*~tactically~*~*~ (stealth).
  5980 | D:6      | 5980 ||| Stepping ~*~*~tactically~*~*~ (stealth).
  5983 | D:6      | 5983 ||| Stepping ~*~*~tactically~*~*~ (stealth).
  5987 | D:6      | 5987 ||| Stepping ~*~*~tactically~*~*~ (stealth).
  5993 | D:6      | 5993 ||| Stepping ~*~*~tactically~*~*~ (hiding).
  5994 | D:6      | 5994 ||| Stepping ~*~*~tactically~*~*~ (hiding).
  6004 | D:6      | Reached skill level 3 in Armour
  6101 | D:6      | Found Lopta's Mayhem Merchandise.
  6149 | D:6      | 6149 ||| FLEEEEING.
  6150 | D:6      | 6150 ||| FLEEEEING.
  6151 | D:6      | 6151 ||| FLEEEEING.
  6152 | D:6      | 6152 ||| FLEEEEING.
  6153 | D:6      | 6153 ||| FLEEEEING.
  6154 | D:6      | 6154 ||| FLEEEEING.
  6155 | D:6      | 6155 ||| FLEEEEING.
  6192 | D:6      | Reached XP level 9. HP: 51/52 MP: 13/13
  6412 | D:6      | Reached skill level 6 in Shields
  6548 | D:6      | 6548 ||| UPGRADING to +0 pair of gloves.
  6553 | D:6      | 6553 ||| UPGRADING to ring of resist corrosion.
  6554 | D:6      | 6554 ||| DRINKING 2 bubbling grey potions.
  6555 | D:6      | 6555 ||| DROPPING potion of degeneration.
  6579 | D:7      | 6579 ||| STAIRDANCE
  6595 | D:7      | 6595 ||| STAIRDANCE
  6598 | D:6      | HP: 9/49 [wight/+4 dire flail (5)]
  6598 | D:6      | Slain by a wight

Levels and vault maps discovered:
D:1:      moated_graveyard_arrival, layout_basic, serial_glass, glass_columns_c,
          glass_columns_b, glass_columns_b, glass_columns_a, glass_columns_a,
          glass_columns_c, glass_columns_b, glass_columns_a
D:2:      layout_rooms, basic_altar, grunt_ministairs_10,
          small_statue_intersection
D:3:      minmay_general_purpose_star, layout_rooms,
          ebering_ecumenical_altar_box, nicolae_shop_vocational
D:4:      layout_loops_ring
D:5:      layout_gridville, nicolae_kikubaaqudgha_miasma_corner,
          minmay_temple_entry_glassed_door, gup_sewer_entry_spiral,
          hellmonk_ghost_happy_afterlife, uniq_blork_the_orc, uniq_grinder
D:6:      layout_loops_ring, okawaru_gym_becter,
          hangedman_abyss_or_decor_lesser_grid, minmay_shop_mayhem,
          kennysheep_generic_room_12
D:7:      layout_loops_cross, minitemple, enter_bailey_5, uniq_duvessa
Temple:   lightli_temple_of_artemis

Skill      XL: |  1  2  3  4  5  6  7  8  9 |
---------------+----------------------------+-----
Axes           | 3 4 5 6 7 8 9 |  9.5
Armour         | 2 3 |  3.0
Fighting       | 4 |  4.6
Shields        | 5 6 |  6.0
Throwing       | |  1.0
Dodging        | |  2.1
Spellcasting   | |  2.0
Translocations | |  2.4

Action                   |  1- 3 |  4- 6 |  7- 9 || total
-------------------------+-------+-------+-------++-------
Melee: Hand axe          |    55 |    51 |       ||   106
       Kick              |    15 |    30 |    49 ||    94
       Peck              |     6 |    10 |    24 ||    40
       Punch             |       |     1 |       ||     1
       War axe           |       |    59 |   173 ||   232
Throw: Boomerang         |     7 |    27 |    42 ||    76
  Use: Scroll            |     9 |     4 |     7 ||    20
       Potion            |       |     3 |     3 ||     6
 Stab: Sleeping          |     1 |       |       ||     1
Armor: Leather armour    |    10 |     3 |       ||    13
       Chain mail        |       |    35 |    56 ||    91
Dodge: Dodged            |    25 |    29 |    67 ||   121
Block: Kite shield       |       |       |    49 ||    49

Table legend:
 A = Non-vault XP
 B = Vault XP
 C = Vault XP percentage of total XP
 D = Non-vault monster count
 E = Vault monster count
 F = Vault count percentage of total count
                 A         B        C        D         E       F
            +---------+---------+-------+---------+---------+-------
      Total |    2252 |     485 |  17.7 |     101 |      16 |  13.7
            +---------+---------+-------+---------+---------+-------
        D:1 |      40 |       2 |   4.8 |      20 |       1 |   4.8
        D:2 |      60 |      13 |  17.8 |      13 |       1 |   7.1
        D:3 |      54 |       5 |   8.5 |      10 |       3 |  23.1
        D:4 |     292 |       0 |   0.0 |      17 |       0 |   0.0
        D:5 |     620 |     429 |  40.9 |      13 |      10 |  43.5
        D:6 |     982 |      36 |   3.5 |      26 |       1 |   3.7
        D:7 |     204 |       0 |   0.0 |       2 |       0 |   0.0
            +---------+---------+-------+---------+---------+-------
